 Dungeon Crawl Stone Soup version 0.30-a0-867-g305f33218d (webtiles) character file.

Game seed: 2039695433749240391

21 Mickster the Trooper (level 2, 0/20 HPs)
             Began as a Gargoyle Berserker on Mar 10, 2023.
             Was a Follower of Trog.
             Frozen to death by an endoplasm (5 damage)
             ... on level 2 of the Dungeon on Mar 11, 2023.
             The game lasted 00:13:30 (797 turns).

Mickster the Trooper (Gargoyle Berserker)            Turns: 797, Time: 00:13:31

Health: 0/20       AC: 13    Str: 18 (20) XL:     2   Next: 87%
Magic:  2/2        EV:  7    Int:  5 (7)  God:    Trog [*.....]
Gold:   50         SH:  0    Dex:  7 (9)  Spells: 1/1 levels left

rFire   . . .      SeeInvis .    a - +0 mace
rCold   . . .      Faith    .    (no shield)
rNeg    + . .      Spirit   .    d - +2 chain mail
rPois   ∞          Reflect  .    (no helmet)
rElec   +          Rampage  .    (no cloak)
rCorr   .                        (no gloves)
Will    .....                    (no boots) Stlth
                                 (no amulet)
HPRegen 0.23/turn                (no ring)
MPRegen 0.08/turn                (no ring)

@: no status effects
A: sickness immunity, AC +2, negative energy resistance 1, electricity
resistance, torment resistance 1, petrification resistance
a: Renounce Religion, Berserk


You were on level 2 of the Dungeon.
You worshipped Trog.
Trog was aware of your devotion.
You visited 1 branch of the dungeon, and saw 2 of its levels.

You collected 50 gold pieces.

Inventory:

Hand Weapons
 a - a +0 mace (weapon)
Missiles
 c - 12 stones (quivered)
Armour
 b - a +0 animal skin
 d - a +2 chain mail (worn)
Potions
 e - a potion of might {unknown}


   Skills:
 + Level 3.7 Fighting
 + Level 3.3 Maces & Flails
 + Level 2.5 Armour
 + Level 1.7 Dodging


You had one spell level left.
You didn't know any spells.
Your spell library was empty.

Dungeon Overview and Level Annotations

Branches:
Dungeon (2/15)

Altars:


Innate Abilities, Weirdness & Mutations

You are immune to sickness and miasma.
Your stone body is resilient. (AC +2)
You are immune to poison.
You resist negative energy. (rN+)
You are resistant to electric shocks. (rElec)
You are resistant to unholy torment.
You are immune to petrification.


Message History

Found a stone staircase leading down.
Found a scroll of enchant armour.
An endoplasm comes into view.
The endoplasm quivers.
You see here a scroll of enchant armour.
You see here a scroll of enchant armour.
f - a scroll of enchant armour You barely miss the endoplasm.
The endoplasm freezes you.
You are frozen.
You hit the endoplasm but do no damage. The endoplasm hits you.
You hit the endoplasm.
You kill the endoplasm!
Trog accepts your kill.
As you read the scroll of enchant armour, it crumbles to dust.
Your +1 chain mail glows green for a moment.
A goblin comes into view. It is wielding a +0 club.
The goblin shouts!
The goblin moves out of view.
An endoplasm comes into view.
The endoplasm quivers.
The goblin barely misses you. The goblin hits you with a +0 club.
You barely miss the goblin. The goblin hits you with a +0 club.
The endoplasm closely misses you.
A dart slug comes into view.
The goblin hits you with a +0 club.
The endoplasm hits you but does no damage.
You barely miss the goblin. The goblin hits you but does no damage.
The endoplasm hits you but does no damage.
You completely miss the goblin. The goblin barely misses you.
The endoplasm freezes you.
You are frozen.
* * * LOW HITPOINT WARNING * * *
You hit the goblin.
You kill the goblin!
Trog accepts your kill. The endoplasm freezes you.
You are frozen.
You die...

####### ..#...##
#.#####......##
#.....wJ....... #.
#. #@)....#
#..#.##.#...##
#.......# ###
##.##.#.#
#.......# ######
#.###.#.###......
##.#..........
.#.##.............
....>.............


You could see a dart slug and an endoplasm.

Vanquished Creatures
  5 ball pythons
  4 endoplasms
  A giant cockroach (D:1)
  4 goblins
  A hobgoblin (D:1)
  2 kobolds (D:1)
  3 bats
  A frilled lizard (D:1)
21 creatures vanquished.

Vanquished Creatures (others)
  A plant (D:2)
1 creature vanquished.

Grand Total: 22 creatures vanquished

Notes
Turn   | Place    | Note
-------+----------+-------------------------------------------
     0 | D:1      | Mickster the Gargoyle Berserker began the quest for the
                  | Orb.
     0 | D:1      | Reached XP level 1. HP: 14/14 MP: 1/1
   394 | D:1      | Reached XP level 2. HP: 17/19 MP: 2/2
   797 | D:2      | Frozen to death by an endoplasm

Illustrated notes

Levels and vault maps discovered:
D:1:      dpeg_arrival_houses_and_road, layout_basic, grunt_decor_fettered,
          minmay_tromino_i4
D:2:      layout_loops_cross, shapermc_ecumenical_altar_flowoftime

Action                     || total
---------------------------++-------
  Melee: Mace              ||    48
    Use: Scroll            ||     6
         Potion            ||     2
 Armour: Chain mail        ||    46
         Animal skin       ||     4
  Dodge: Dodged            ||    21

Table legend: (Time is in decaauts)
 A = Elapsed time spent in this place.
 B = Non-inter-level travel time spent in this place.
 C = Inter-level travel time spent in this place.
 D = Time resting spent in this place.
 E = Time spent auto-exploring this place.
 F = Levels seen in this place.
 G = Mean time per level.
                   A        B        C        D        E       F      G
               +--------+--------+--------+--------+--------+-----+--------+
         Total |    808 |    752 |     56 |      2 |      0 |   2 |  404.0 |
       Dungeon |    808 |    752 |     56 |      2 |      0 |   2 |  404.0 |
               +--------+--------+--------+--------+--------+-----+--------+

Top non-repeatable levels by time:
     D:1: 756 daAuts
     D:2: 51 daAuts
